AoeStats
← FF Disasterpiece

Arabia

505603842Analyzed
2v2 RM · 23d ago on Sep 10, 2026· 54m 46s· 4 players
Game mode
Random Map
Map size
Medium (4 player)
Population
200
Speed
Normal
Resources
Standard
Victory
Conquest
Starting age
Dark Age
Ending age
Imperial Age
RankedLock teamsTeams togetherTeam positionsShared explorationLock speedFull tech treeHidden civsTurbo modeCheats
Victory
Defeat
🇲🇽 Bengalis · Mexico
955
+8
🇺🇾 Cumans · Uruguay
725
+15
🇨🇱 Byzantines · Chile
783
-13
🇨🇱 Bohemians · Chile
708
-10
FF MithDark
2:46 Loom
10:54 Feudal Age
19:51 Castle Age
22:42 Elite Skirmisher
24:32 Chemistry
30:57 Treadmill Crane
37:31 Ballistics
39:10 Fletching
39:21 Padded Archer Armor
47:43 Imperial Age
45:25 Pikeman
48:48 Bodkin Arrow
FF Disasterpiece
12:22 Feudal Age
17:14 Scale Barding Armor
17:21 Forging
18:14 Double-Bit Axe
20:05 Horse Collar
24:25 Castle Age
26:51 Gold Mining
27:36 Chain Barding Armor
27:27 Forging
27:44 Heavy Plow
28:53 Stone Mining
29:18 Husbandry
29:56 Iron Casting
36:00 Wheelbarrow
37:49 Gold Shaft Mining
40:58 Imperial Age
42:58 Heavy Camel Rider
44:43 Plate Barding Armor
45:07 Hand Cart
45:04 Bow Saw
45:27 Crop Rotation
44:46 Elite Cataphract
49:10 Illumination
51:36 Conscription
ezecayaffa1998
1:18 Loom
9:40 Feudal Age
10:08 Double-Bit Axe
11:19 Town Watch
14:13 Horse Collar
20:04 Arson
24:12 Wheelbarrow
28:18 Castle Age
26:59 Gold Mining
26:59 Stone Mining
28:17 Forging
28:12 Scale Barding Armor
29:43 Bow Saw
29:35 Heavy Plow
30:33 Gold Shaft Mining
31:10 Town Patrol
32:02 Hand Cart
32:49 Bloodlines
33:42 Fervor
33:49 Murder Holes
34:14 Ballistics
35:01 Iron Casting
38:34 Imperial Age
37:30 Steppe Husbandry
39:15 Chain Barding Armor
39:02 Heated Shot
39:05 Fletching
40:19 Blast Furnace
40:44 Two-Man Saw
40:16 Bodkin Arrow
41:22 Crop Rotation
41:44 Conscription
42:17 Plate Barding Armor
41:35 Cavalier
43:10 Elite Kipchak
44:34 Paladin
47:42 Cuman Mercenaries
48:55 Chemistry
48:00 Caravan
Poten
6:53 Loom
10:09 Feudal Age
11:45 Double-Bit Axe
18:17 Castle Age
16:38 Fletching
16:44 Horse Collar
17:00 Gold Mining
17:21 Stone Mining
20:12 Wheelbarrow
32:08 Bodkin Arrow
33:40 Scale Barding Armor
37:15 Imperial Age
35:39 Bow Saw
36:22 Town Watch
37:04 Chain Barding Armor
37:04 Forging
38:12 Siege Elephant
40:45 Hand Cart
41:13 Iron Casting
42:54 Bracer
43:18 Ballistics
44:17 Elite Ratha (Ranged)
46:17 Blast Furnace
46:54 Conscription
47:49 Chemistry
49:55 Plate Barding Armor
49:59 Padded Archer Armor
51:04 Siege Engineers
50:54 Murder Holes
51:39 Leather Archer Armor
Connection lost

Rejoining the realm…

Still unreachable

The connection could not be restored.

Session expired

The server has moved on; the page needs a fresh start.